Map: Ruins of Seras

Players

Zibae

  • Race: Terran Terran
  • League: Master

QueenMortis - Winner!

  • Race: Zerg Zerg
  • League: Master

VOD

Have the link to the VOD?

Description

Time

  • Played on: Feb. 20, 2016, 3:23 p.m.
  • Length: 5:26
Show
View Real Time Build Order
Export as new Build Order

Zibae Terran 

Build Orders: Reaper Expand 

Get SALT Encoding   

  12  0:01  SCV  
  13  0:13  SCV  
  14  0:18  Supply Depot  
  14  0:25  SCV  
  15  0:39  SCV  
  15  0:42  Barracks  
  16  0:46  Refinery  
  16  0:51  SCV  
  17  1:04  SCV  
  18  1:16  SCV  
  19  1:29  Orbital Command  
  19  1:30  Reaper  
  20  1:46  Command Center  
  20  1:55  SCV  
  20  1:59  Supply Depot  
  21  2:03  Barracks Reactor  
  21  2:07  SCV  
  22  2:19  SCV  
  23  2:23  Factory  
  23  2:31  SCV  
  24  2:40  Marine x2  
  24  2:43  SCV  
  27  2:50  Barracks  
  27  2:52  Barracks  
  27  2:55  SCV  
  28  3:04  Orbital Command  
  30  3:11  SCV  
  29  3:15  Barracks Tech Lab, Hellion x2  
  33  3:23  SCV  
  34  3:35  SCV  
  34  3:36  Hellion  
  34  3:37  Hellion  
  34  3:38  Marine  
  34  3:39  Supply Depot  
  40  3:44  Barracks Reactor x2  
  40  3:45  SCV  
  40  3:48  SCV  
  42  3:53  Refinery  
  42  3:58  SCV  
  42  4:00  SCV  
  42  4:01  Supply Depot  
  44  4:06  Hellion x2  
  47  4:10  Marauder, SCV  
  47  4:16  SCV  
  51  4:22  SCV  
  52  4:25  Supply Depot, Marine x3  
  52  4:26  Supply Depot  
  54  4:34  Supply Depot, Widow Mine x2  
  54  4:35  Marine  
  54  4:36  Marauder  
  57  4:44  Marine  
  49  4:53  Marine x2  
  49  4:57  Marauder  
  52  5:00  SCV x2  
  52  5:03  Marine x2  
  47  5:13  SCV  
Show
View Real Time Build Order
Export as new Build Order

QueenMortis Zerg - Winner!

Build Orders: Hatch First 

Get SALT Encoding   

  12  0:00  Drone  
  13  0:08  Drone  
  14  0:21  Extractor  
  13  0:22  Drone x2, Extractor  
  16  0:32  Overlord  
  16  0:51  Hatchery  
  16  0:55  Drone  
  16  0:57  Drone  
  16  1:02  Drone  
  18  1:17  Extractor  
  17  1:20  Spawning Pool  
  17  1:21  Drone  
  17  1:27  Drone, Extractor  
  17  1:30  Drone  
  18  1:39  Drone  
  19  1:52  Overlord  
  19  2:04  Drone  
  19  2:06  Queen x2  
  19  2:07  Zergling x2  
  25  2:11  Zergling x2  
  26  2:17  Drone  
  26  2:22  Drone  
  28  2:29  Drone  
  29  2:34  Extractor  
  29  2:36  Drone x2  
  31  2:37  Metabolic Boost  
  31  2:46  Roach Warren  
  31  2:48  Drone  
  31  2:49  Drone  
  32  2:57  Overlord  
  32  2:58  Drone  
  33  3:05  Drone  
  34  3:08  Drone  
  35  3:15  Overlord x2  
  35  3:29  Roach  
  35  3:30  Roach x3  
  45  3:34  Roach x2  
  45  3:36  Roach  
  49  3:43  Roach  
  49  3:46  Overlord  
  51  3:48  Zergling x2  
  51  3:49  Zergling x4  
  54  3:57  Zergling x8  
  58  4:06  Zergling x2  
  58  4:08  Overlord x2  
  58  4:19  Zergling x6  
  58  4:20  Zergling x6  
  61  4:35  Ravager  
  62  4:42  Drone  
  54  4:49  Drone  
  54  4:51  Zergling x2  
  54  4:52  Zergling x6  
  56  4:54  Hatchery  
  56  4:59  Drone  
  56  5:02  Drone  
  57  5:11  Drone  
  57  5:18  Extractor  
Tags
 
Add a new tag
Caveats
  • Supply blocks, unpowered buildings, or Contaminate may cause inaccurate times.
  • Supply counts are checked every 10 seconds.